 Dungeon Sprint DCSS version 0.28.0-62-gf88900778d (webtiles) character file.

Game seed: 13727213838521511661

10 Mickster the Chopper (level 2, -9/28 HPs)
             Began as a Hill Orc Berserker on Apr 8, 2023.
             Was a Believer of Trog.
             Mangled by Menkaure (10 damage)
             ... in the Dungeon (Sprint II: "The Violet Keep of Menkaure").
             The game lasted 00:00:44 (34 turns).

Mickster the Chopper (Hill Orc Berserker)             Turns: 34, Time: 00:00:45

Health: -9/28      AC:  2    Str: 19    XL:     2   Next: 20%
Magic:  2/2        EV: 12    Int:  7    God:    Trog [**....]
Gold:   243        SH:  0    Dex: 10    Spells: 1/1 levels left

rFire   . . .      SeeInvis .   a - +0 hand axe
rCold   . . .      Faith    .   (no shield)
rNeg    . . .      Spirit   .   b - +0 animal skin
rPois   .          Reflect  .   (no helmet)
rElec   .          Harm     .   (no cloak)
rCorr   .          Rampage  .   (no gloves)
Will    .....      NoTele   +   (no boots)
Stlth   +.........              (no amulet)
HPRegen 0.09/turn               (no ring)
MPRegen 0.08/turn               (no ring)

@: very slightly contaminated
A: no striking features
a: Renounce Religion, Berserk, Trog's Hand


You were in the Dungeon.
You worshipped Trog.
Trog was pleased with you.
You visited 1 branch You collected 243 gold pieces.

Inventory:

Hand Weapons
 a - a +0 hand axe (weapon)
Armour
 b - a +0 animal skin (worn)
Scrolls
 h - a scroll of blinking
Potions
 d - a potion of heal wounds
 e - a potion of haste
 f - 2 potions of magic
 g - a potion of berserk rage


   Skills:
 + Level 4.8 Fighting
 + Level 5.5 Axes
 + Level 2.5 Armour
 + Level 1.9 Dodging


You had one spell level left.
You didn't know any spells.
Your spell library was empty.

Dungeon Overview and Level Annotations

Branches:
Dungeon (1/1)

Altars:

Annotations:
D Menkaure


Message History

You see here a worm corpse.
You open the door.
The orange crystal statue is engulfed in mutagenic fog.
A worm comes into view.
The orange crystal statue is engulfed in mutagenic fog.
There is an open door here.
Menkaure, Prince of Dust comes into view.
Menkaure shouts!
The orange crystal statue is engulfed in mutagenic fog.
Menkaure blazes with dark energy!
You feel better.
You hit the worm.
The worm is moderately wounded.
Menkaure opens the gate.
You hit the worm.
The worm is moderately wounded.
The worm barely misses you.
You slash the worm!
The worm is almost dead.
You hit Menkaure. The worm bites you.
The orange crystal statue is engulfed in mutagenic fog.
The orange crystal statue glitters.
You slash the worm!
You kill the worm!
Trog accepts your kill.
You can now call upon Trog for regeneration and willpower.
You completely miss Menkaure. Menkaure hits you!
* * * LOW HITPOINT WARNING * * *
The orange crystal statue is engulfed in mutagenic fog.
You are engulfed in mutagenic fog.
The mutagenic energy flows into you.
You are very lightly contaminated with residual magic.
Menkaure is engulfed in mutagenic fog.
Menkaure gestures wildly while chanting.
Menkaure seems to speed up.
The orange crystal statue is engulfed in mutagenic fog.
You barely miss Menkaure.
Menkaure is lightly damaged.
You are engulfed in mutagenic fog.
The mutagenic energy flows into you.
Menkaure is engulfed in mutagenic fog.
Menkaure hits you!
You die...

####+####
##§§§≈≈≈≈##
##≈§§§§§≈≈≈##
+≈≈≈§§8§≈§≈§#
#≈≈≈§§§§§§#
§§≈§§§§#
#≈≈#+++#M§'##
≈≈≈.....@...#
≈≈≈≈.##'##..#
≈≈≈ ##.#.##.#
≈ #..##.#...
##††### #..
##'# #..#
##.## ..#
+.<.+ .#
##.##


You could see an orange crystal statue and Menkaure (fast).

Vanquished Creatures
  3 worms (D)
3 creatures vanquished.

Notes
Turn   | Place    | Note
-------+----------+-------------------------------------------
     0 | D        | Mickster the Hill Orc Berserker began the quest for the
                  | Orb.
     0 | D        | Reached XP level 1. HP: 19/19 MP: 1/1
    17 | D        | Reached skill level 5 in Axes
    17 | D        | Reached XP level 2. HP: 7/28 MP: 2/2
    23 | D        | Noticed an orange crystal statue
    25 | D        | Noticed Menkaure
    32 | D        | Reached ** piety under Trog
    32 | D        | HP: 1/28 [Menkaure (12)]
    34 | D        | Mangled by Menkaure

Illustrated notes

Levels and vault maps discovered:
D:        the_violet_keep_of_menkaure [sprint2_stairs_cluster_1,
          sprint2_shoproom, sprint2_temple, sprint2_basic_supplies,
          sprint2_obstacle_2, sprint2_obstacle_3, sprint2_obstacle_4,
          sprint2_obstacle_5, sprint2_obstacle_1, sprint2_timed_cluster_1,
          sprint2_smallroom_cluster_1, sprint2_smallroom_final_cluster_1,
          sprint2_transparent_cluster_1, sprint2_second_timed_cluster_1,
          sprint2_sniper_area_1, sprint2_heavy_combat_area_1,
          sprint2_mutation_trap_area_1, sprint2_forest_area_1,
          sprint2_light_combat_area_1, sprint2_behind_water_1,
          sprint2_near_end_vault_1]

Skill      XL: |  1 |
---------------+----+-----
Fighting       | 4 |  4.8
Axes           | 5 |  5.5
Armour         | |  2.5
Dodging        | |  1.9

Action                   || total
-------------------------++-------
Melee: Hand axe          ||    18
  Use: Potion            ||     1
Dodge: Dodged            ||     7
